cohdb
Replays
Latest Replays
All Replays
Popular Replays
Top Player Replays
Match Explorer
How It Works
Community
CoH3 Stats
Reddit
Sign in to upload your games and track your stats! →
Sign in with Steam
Match 40282802
Unlisted
Match 40282802
Overview
Messages
Build Orders
End
Engineer Squad
Construct Barracks
Selects Heavy Weapons
Riflemen Squad
Construct Weapon Support Center
M1919 Machine Gun Team
Selects Assault Carriers
M1 Mortar Team
Bazooka Squad
Sniper
Selects Exchangeable Parts
M1919 Machine Gun Team
Construct Medical Station
Mechanized Support Center
Bazooka Squad
Riflemen Squad
Riflemen Squad
Selects Towed M5 3-inch Anti-tank Gun
Towed M5 3-inch Anti-tank Gun
Bro4life
Genki
0
0
Comments
sign in to comment!
No comments posted yet!